 Dungeon Crawl Stone Soup version 0.30-a0-726-gd89dcf765f (webtiles) character file.

Game seed: 6009638557679606896

161 voltaire321 the Charlatan (level 5, -1/38 HPs)
             Began as a Demonspawn Artificer on Jan 29, 2023.
             Killed by nerve-wracking pain
             ... invoked by Menkaure
              (6 damage)
             ... on level 4 of the Dungeon.
             The game lasted 00:07:09 (2245 turns).

voltaire321 the Charlatan (Demonspawn Artificer)    Turns: 2245, Time: 00:07:10

Health: -1/38      AC:  7    Str: 13    XL:     5   Next: 19%
Magic:  7/7        EV: 11    Int: 22    God:
Gold:   177        SH:  0    Dex: 13    Spells: 4/6 levels left

rFire   . . .      SeeInvis .    p - +1 dagger (venom)
rCold   . . .      Faith    .    (no shield)
rNeg    . . .      Spirit   .    h - +0 ring mail
rPois   .          Reflect  .    (no helmet)
rElec   .          Harm     .    C - +0 cloak
rCorr   .          Rampage  .    (no gloves)
Will    .....                    i - +0 pair of boots
Stlth   +                        (no amulet)
HPRegen 0.26/turn                w - +6 ring of intelligence
MPRegen 0.10/turn                (no ring)

@: no status effects
A: foul stench 1, big brain 1, weakness stinger 1
a: no special abilities


You were on level 4 of the Dungeon.
You visited 1 branch of the dungeon, and saw 4 of its levels.

You collected 177 gold pieces.

Inventory:

Hand Weapons
 l - a +1 dagger of protection
 p - a +1 dagger of venom (weapon)
Missiles
 r - a throwing net
 y - 8 poisoned darts
Armour
 h - a +0 ring mail (worn)
 i - a +0 pair of boots (worn)
 C - a +0 cloak (worn)
Jewellery
 w - a +6 ring of intelligence (left hand)
Wands
 c - a wand of flame (12) (quivered)
 d - a wand of charming (15)
 e - a wand of iceblast (5)
Scrolls
 f - 2 scrolls of teleportation {unknown}
 j - a scroll of torment {unknown}
 k - 2 scrolls of identify {unknown}
 m - a scroll of vulnerability {unknown}
 q - 2 scrolls of fear {unknown}
 s - a scroll of blinking {unknown}
 v - a scroll of enchant armour {unknown}
 x - 2 scrolls of amnesia {unknown}
 z - a scroll of noise {unknown}
 B - a scroll of magic mapping {unknown}
Potions
 a - a potion of invisibility {unknown}
 b - a potion of curing {unknown}
 g - a potion of berserk rage {unknown}
 n - 2 potions of heal wounds {unknown}
 o - 3 potions of resistance {unknown}
 t - a potion of might {unknown}
 u - a potion of brilliance {unknown}
 A - a potion of mutation {unknown}


   Skills:
 + Level 2.2 Fighting
 + Level 2.6 Armour
 + Level 2.1 Dodging
 - Level 0.8 Stealth
 + Level 1.4 Spellcasting
 + Level 1.0 Fire Magic
 + Level 3.6 Evocations


You had 4 spell levels left.
You knew the following spells:

 Your Spells              Type           Power      Damage    Failure   Level
a - Scorch                Fire           12%        2d6       30%         2

Your spell library contained the following spells:

 Spells                   Type           Power      Damage    Failure   Level
 Lesser Beckoning         Tloc           2%         N/A       41%         2
 Gell's Gravitas          Tloc           1%         N/A       65%         3
 Teleport Other           Tloc           1%         N/A       65%         3
 Flame Wave               Conj/Fire      3%         2d5       94%         4
 Summon Cactus Giant      Summ           0%         N/A       100%        6


Dungeon Overview and Level Annotations

Branches:
Dungeon (4/15)
 Temple: D:4-7

Altars:
Hepliaklqana
Okawaru

Annotations:
D:4 Menkaure


Innate Abilities, Weirdness & Mutations

You may rarely emit foul miasma when damaged in melee.
You have an unusually large brain. (Int +2)
You have a small tail.


Message History

You hit the worm.
You kill the worm!
You see here a worm corpse.
HP restored.
Found a stone staircase leading down.
You now have 156 gold pieces (gained 10).
Found a hazy altar of Hepliaklqana.
Found an iron altar of Okawaru.
You now have 162 gold pieces (gained 6).
Menkaure, Prince of Dust comes into view.
Menkaure moves out of view.
You see here 15 gold pieces.
You now have 177 gold pieces (gained 15).
Okay, then.
Menkaure casts a spell at you. Pain shoots through your body!
Menkaure barely misses you.
You hit Menkaure.
Menkaure is lightly damaged.
Menkaure calls on the powers of darkness!
Your body is wracked with pain!
You hit Menkaure. You tail-slap Menkaure.
Menkaure is moderately damaged.
You hit Menkaure but do no damage.
Menkaure is moderately damaged.
Menkaure points at you and mumbles some strange words.
Pain shoots through your body!
* * * LOW HITPOINT WARNING * * *
Aiming: Throw Flame
Press: ? - help, Shift-Dir - straight line, f - Menkaure
Aim: Menkaure (moderately damaged, 86% to hit)
The puff of flame misses Menkaure.
Menkaure barely misses you.
Aiming: Throw Flame
Press: ? - help, Shift-Dir - straight line, f/p - Menkaure
Aim: Menkaure (moderately damaged, 86% to hit)
The puff of flame hits Menkaure!
Menkaure is burned terribly!
Menkaure is severely damaged.
Menkaure points at you and mumbles some strange words.
Pain shoots through your body!
You die...

#.....#.#######.......
..........#......≈≈≈≈≈≈.
..........#.≈≈≈≈≈.....≈.
..........#.≈....####.≈.
..........#.≈.###...#.≈.
..........#.≈.#_.≈≈.#.≈.
#......##.#.≈.#...≈.#.≈.
#...M.≈.#.≈.#...≈.#.≈
#.#.@.≈.#.≈.##._≈.#.≈
#...≈.#.≈...≈≈≈.#.≈
#.#.≈.#.≈≈≈≈....#.≈
...#.≈.#.....#####.≈
#####.≈.######.....^≈
........≈.......≈≈≈≈≈≈≈
########≈≈≈≈≈≈≈≈.......
############....
...........


You could see Menkaure.

Vanquished Creatures
  10 adders
  2 worms
  A dart slug (D:1)
  4 orcs
  4 bats (D:3)
  3 endoplasms
  A giant cockroach (D:1)
  9 goblins
  7 hobgoblins
  2 jackals (D:2)
  A quokka (D:3)
  3 ball pythons
  2 frilled lizards
  7 kobolds
  6 rats
62 creatures vanquished.

Notes
Turn   | Place    | Note
-------+----------+-------------------------------------------
     0 | D:1      | voltaire321 the Demonspawn Artificer began the quest for
                  | the Orb.
     0 | D:1      | Reached XP level 1. HP: 15/15 MP: 1/1
   147 | D:1      | Reached skill level 1 in Dodging
   265 | D:1      | Gained mutation: You have an unusually large brain. (Int
                  | +2) [demonic ancestry]
   265 | D:1      | Reached XP level 2. HP: 21/21 MP: 2/2
  1007 | D:2      | Gained mutation: You may rarely emit foul miasma when
                  | damaged in melee. [demonic ancestry]
  1007 | D:2      | Reached XP level 3. HP: 26/26 MP: 3/3
  1279 | D:2      | Learned a level 2 spell: Scorch
  1443 | D:3      | Gained mutation: You have a small tail. [demonic ancestry]
  1443 | D:3      | Reached XP level 4. HP: 31/33 MP: 5/5
  1458 | D:3      | Reached skill level 1 in Spellcasting
  1712 | D:3      | Reached XP level 5. HP: 36/38 MP: 5/7
  1968 | D:3      | Reached skill level 1 in Fire Magic
  2203 | D:4      | Found a hazy altar of Hepliaklqana.
  2204 | D:4      | Found an iron altar of Okawaru.
  2230 | D:4      | Noticed Menkaure
  2245 | D:4      | Killed from afar by Menkaure

Illustrated notes

Levels and vault maps discovered:
D:1:      evilmike_arrival_home_sweet_home, layout_basic
D:2:      layout_basic, guppyfry_early_orc_mine
D:3:      layout_basic, nicolae_half_adder
D:4:      layout_basic, nicolae_overflow_squiral, bh_walls_and_bars,
          uniq_menkaure

Skill      XL: |  1  2  3  4  5 |
---------------+----------------+-----
Dodging        | 1 2 |  2.1
Armour         | 2 |  2.6
Spellcasting   | 1 |  1.4
Fighting       | 2 |  2.2
Fire Magic     | 1 |  1.0
Stealth        | |  0.8
Evocations     | |  3.6

Action                     |  1- 3 |  4- 6 || total
---------------------------+-------+-------++-------
  Melee: Whip              |    45 |       ||    45
         Club              |     2 |       ||     2
         Dagger            |   123 |    80 ||   203
         Punch             |     1 |       ||     1
         Tailslap          |       |    14 ||    14
  Evoke: Wand              |     1 |     2 ||     3
 Armour: Ring mail         |    68 |    29 ||    97
  Dodge: Dodged            |    76 |    50 ||   126

Table legend: (Time is in decaauts)
 A = Elapsed time spent in this place.
 B = Non-inter-level travel time spent in this place.
 C = Inter-level travel time spent in this place.
 D = Time resting spent in this place.
 E = Time spent auto-exploring this place.
 F = Levels seen in this place.
 G = Mean time per level.
                   A        B        C        D        E       F      G
               +--------+--------+--------+--------+--------+-----+--------+
         Total |   2248 |   2199 |     49 |     67 |   1481 |   4 |  562.0 |
       Dungeon |   2248 |   2199 |     49 |     67 |   1481 |   4 |  562.0 |
               +--------+--------+--------+--------+--------+-----+--------+

Top non-repeatable levels by time:
     D:3: 821 daAuts
     D:1: 770 daAuts
     D:2: 507 daAuts
     D:4: 148 daAuts
